 Dungeon Crawl Stone Soup version 0.24.0-123-gd5b16e6ec5 (webtiles) character file.

Game seed: 6115577078153189997, levelgen mode: deterministic

1053 Amplified the Charlatan (level 8, -4/48 HPs)
             Began as a Kobold Artificer on Jan 13, 2020.
             Was an Initiate of Hepliaklqana.
             Slain by a slime creature (8 damage)
             ... on level 5 of the Dungeon.
             The game lasted 00:08:33 (5061 turns).

Amplified the Charlatan (Kobold Artificer)          Turns: 5061, Time: 00:08:33

Health: -4/48      AC:  3    Str: 10    XL:     8   Next: 51%
Magic:  11/11      EV: 14    Int: 12    God:    Hepliaklqana [......]
Gold:   274        SH: 12    Dex: 17    Spells: 7/7 levels left

rFire    . . .     SeeInvis .   c - +1 hand axe (elec)
rCold    . . .     Gourm    .   n - +3 shield
rNeg     . . .     Faith    .   b - +0 leather armour
rPois    .         Spirit   .   (helmet restricted)
rElec    .         Reflect  .   (no cloak)
rCorr    .         Harm     .   (no gloves)
MR       +....                  (no boots)
Stlth    +++.......             (no amulet)
HPRegen  0.16/turn              i - ring of protection from magic
MPRegen  0.12/turn              (no ring)

@: no status effects
A: small, reduced essence, beak, carnivore, low mp 1, sense surroundings 1,
robust 1
a: Recall Ancestor, Ancestor Identity, Renounce Religion


You were on level 5 of the Dungeon.
You worshipped Hepliaklqana.
Hepliaklqana was noncommittal.
You were very full.

You visited 2 branches of the dungeon, and saw 6 of its levels.

You collected 274 gold pieces.

Inventory:

Hand Weapons
 a - a +0 short sword
 c - a +1 hand axe of electrocution (weapon)
 k - a +1 dagger of distortion
Missiles
 m - 12 poisoned darts (quivered)
Armour
 b - a +0 leather armour (worn)
 n - a +3 shield (worn)
Jewellery
 i - a ring of protection from magic (left hand)
 l - an uncursed amulet of the acrobat {unknown}
Wands
 d - a wand of enslavement (7)
Scrolls
 g - a scroll of immolation
 h - 3 scrolls of teleportation
 j - 2 scrolls of remove curse
Comestibles
 f - 4 rations


   Skills:
 * Level 4.3 Fighting
 * Level 5.0 Short Blades
 * Level 5.2 Dodging
 * Level 5.3 Stealth
 * Level 2.8 Shields
 * Level 5.8 Evocations


You had 7 spell levels left.
You didn't know any spells.
Your spell library was empty.

Dungeon Overview and Level Annotations

Branches:
Dungeon (5/15)             Temple (1/1) D:5

Altars:
Ashenzari
Cheibriados
Dithmenos
Elyvilon
Gozag
Hepliaklqana
Kikubaaqudgha
Okawaru
Qazlal
Ru
Sif Muna
Trog
Uskayaw
Vehumet
Wu Jian
Xom
Zin
The Shining One

Annotations:
D:4 2 transporters, Alannah's ghost, amateur DsHu


Innate Abilities, Weirdness & Mutations

You are small and have problems with some larger weapons.
You are carnivorous and can eat meat at any time.
Your life essence is reduced to manifest your ancestor. (-10% HP)
You have a beak for a mouth.
Your magical capacity is low. (-10% MP)
You passively map a small area around you.
You are robust. (+10% HP)


Message History

You hit the fungus.
You destroy the fungus!
Taribatum completely misses the ooze.
You block the slime creature's attack.
The ooze hits Taribatum.
Taribatum hits the ooze!
The ooze dies!
You hit the slime creature.
Lightning courses through the slime creature!
The slime creature is almost dead.
The slime creature hits you!!
* * * LOW HITPOINT WARNING * * *
Taribatum hits the slime creature.
The slime creature hits you!
* * * LOW HITPOINT WARNING * * *
Unknown command.
Taribatum hits the slime creature.
Okay, then.
Taribatum barely misses the slime creature.
You aren't carrying any potions.
Unknown command.
The slime creature hits you!
You die...

#(## #######.##....÷(#
#†(###....#.#.#P.P.÷.#
##(##.....#.#.#÷....÷#
* *
##.(......#'#.#.P÷...#
*
#..+.)......#÷#......#
#....)......#.#.....P#
*
#..##(......#.#R.....#
*
..####......##'J..P.÷#
.##############.@....#
, , ....# ########
.#### , )# * , (### ..
...## , ... .#..# ..#
* ....## ####.# .##..#
....#


You could see the friendly Taribatum the ancestor and a slime creature.

Vanquished Creatures
  Sigmund (D:2)
  An ogre (D:5)
  A centaur (D:5)
  3 big kobolds (D:5)
  3 orc priests (D:5)
  An orc wizard (D:5)
  A worker ant (D:5)
  Robin (D:3)
  4 adders
  2 gnolls (D:4)
  A howler monkey skeleton (D:5)
  4 oozes (D:5)
  An adder skeleton (D:4)
  4 worms
  A dart slug (D:1)
  A leopard gecko (D:3)
  15 orcs
  4 giant cockroaches
  18 goblins
  9 hobgoblins
  2 jackals (D:1)
  11 kobolds
  A quokka (D:2)
  2 ball pythons
  14 bats
  6 frilled lizards
  8 rats
  2 fungi (D:5)
122 creatures vanquished.

Vanquished Creatures (collateral kills)
  A big kobold (D:5)
  A jelly (D:5)
  A gnoll (D:4)
  3 oozes (D:5)
  A leopard gecko skeleton (D:4)
7 creatures vanquished.

Vanquished Creatures (others)
  A jelly (D:5)
  A gnoll (D:4)
  An orc (D:3)
  A fungus (D:5)
  6 toadstools (D:5)
10 creatures vanquished.

Grand Total: 139 creatures vanquished

Notes
Turn   | Place    | Note
-------+----------+-------------------------------------------
     0 | D:1      | Amplified the Kobold Artificer began the quest for the Orb.
     0 | D:1      | Reached XP level 1. HP: 12/12 MP: 3/3
   208 | D:1      | Reached XP level 2. HP: 16/16 MP: 4/4
   280 | D:1      | Gained mutation: Your magical capacity is low. (-10% MP)
                  | [potion of mutation]
   280 | D:1      | Gained mutation: You passively map a small area around you.
                  | [potion of mutation]
   280 | D:1      | Gained mutation: You have a beak for a mouth. [potion of
                  | mutation]
   280 | D:1      | Gained mutation: You are robust. (+10% HP) [potion of
                  | mutation]
   482 | D:1      | Reached XP level 3. HP: 17/22 MP: 5/5
  1413 | D:2      | Reached XP level 4. HP: 26/28 MP: 6/6
  2017 | D:2      | Reached skill level 1 in Shields
  2447 | D:2      | Noticed Sigmund
  2453 | D:2      | Killed Sigmund
  2453 | D:2      | Reached XP level 5. HP: 28/35 MP: 7/7
  2453 | D:2      | Reached XP level 6. HP: 31/39 MP: 8/8
  2793 | D:3      | Noticed Robin
  2800 | D:3      | Killed Robin
  3271 | D:4      | Found a transporter.
  3473 | D:4      | Found a transporter.
  3480 | D:4      | Noticed Alannah's ghost (amateur DsHu)
  3498 | D:5      | Entered Level 5 of the Dungeon
  3604 | D:5      | Reached XP level 7. HP: 45/45 MP: 9/9
  3858 | D:5      | Reached skill level 5 in Evocations
  4165 | D:5      | Found a staircase to the Ecumenical Temple.
  4395 | Temple   | Entered the Ecumenical Temple
  4624 | Temple   | Became a worshipper of Hepliaklqana the Forgotten
  4774 | D:5      | Reached XP level 8. HP: 40/48 MP: 10/10
  4787 | D:5      | Reached skill level 5 in Dodging
  4787 | D:5      | Reached skill level 5 in Stealth
  4835 | D:5      | Noticed a slime creature
  4852 | D:5      | Reached skill level 5 in Short Blades
  5061 | D:5      | Slain by a slime creature

Levels and vault maps discovered:
D:1:      kennysheep_arrival_seaside, layout_basic, minmay_pentomino_w4
D:2:      layout_basic, uniq_sigmund
D:3:      layout_rooms, gammafunk_temple_overflow_pools, uniq_robin
D:4:      layout_gridville, serial_shops, kennysheep_mini_moat,
          gammafunk_ghost_mausoleum, minmay_misc_feat_encased
D:5:      cheibrodos_fertilizer, layout_loops_corners,
          minmay_temple_entry_mini_moons, first_ration
Temple:   hc_temple_tempest_star

Skill      XL: |  1  2  3  4  5  6  7  8 |
---------------+-------------------------+-----
Short Blades   | 2 3 4 5 |  5.0
Stealth        | 2 3 4 5 |  5.3
Evocations     | 4 5 |  5.8
Dodging        | 3 4 5 |  5.2
Fighting       | 2 3 4 |  4.3
Shields        | 1 2 |  2.8

Action                   |  1- 3 |  4- 6 |  7- 9 || total
-------------------------+-------+-------+-------++-------
Melee: Short sword       |   136 |   163 |       ||   299
       Peck              |     9 |    26 |    18 ||    53
       Hand axe          |       |     2 |    81 ||    83
Evoke: Wand              |     8 |    20 |    10 ||    38
  Use: Potion            |     5 |       |       ||     5
       Scroll            |    11 |     4 |     1 ||    16
 Stab: Sleeping          |       |     6 |     2 ||     8
  Eat: Chunk             |     9 |     8 |     3 ||    20
Armor: Leather armour    |    34 |    22 |     4 ||    60
       Skin              |    11 |       |       ||    11
Dodge: Dodged            |   151 |   110 |    45 ||   306
Block: Shield            |       |     1 |    57 ||    58
